 Dungeon Crawl Stone Soup version 0.31-a0-1589-g8f5e8aebd6 (webtiles) character file.

Game seed: 1516450451187772724

8415 Atlas the Grappler (level 11, -2/97 HPs)
             Began as a Troll Shapeshifter on Jan 5, 2024.
             Was an Initiate of Gozag.
             Slain by a vampire mosquito (4 damage)
             ... on level 10 of the Dungeon.
             The game lasted 00:08:50 (8332 turns).

Atlas the Grappler (Troll Shapeshifter)             Turns: 8332, Time: 00:08:50

Health: -2/97      AC:  4    Str: 28    XL:     11   Next: 9%
Magic:  10/10      EV: 11    Int:  6    God:    Gozag
Gold:   1142       SH:  5    Dex:  9    Spells: 10/10 levels left

rFire   + .          .
                       - Unarmed
rCold   + + .        (no shield)
rNeg    . . .        P - +0 robe {rC+ rF+}
rPois   +            (helmet currently unavailable)
rElec   .            (cloak currently unavailable)
rCorr   .            (gloves unavailable)
SInv    .            (boots unavailable)
Will    .....        G - amulet of reflection
Stlth   +            j - ring of flight
HPRegen 1.16/turn    M - ring of the Republic {rPois rC+ Slay+4}
MPRegen 0.12/turn

%: reflection
@: beast-form, silenced, gold aura, attractive, flying
A: beast (slay +4), large, unfitting armour, claws 3, regeneration 1, shaggy fur
1, tough skin 1
a: Begin Untransformation, Renounce Religion


You were on level 10 of the Dungeon.
You worshipped Gozag.
Gozag was most pleased with you.
You were a hulking beast.
You visited 1 branch of the dungeon, and saw 10 of its levels.
You also visited: Sewer.

You collected 2549 gold pieces.
You paid 1407 gold pieces to Gozag.

Inventory:

Missiles
 a - 3 large rocks
 n - a throwing net
 O - a curare-tipped dart
Armour
 J - a +2 hat
 P - a +0 robe of resistance (worn)
Jewellery
 j - a ring of flight (left claw)
 G - an amulet of reflection (around neck)
 M - the ring of the Republic (right claw) {rPois rC+ Slay+4}
   (You found it on level 7 of the Dungeon)

   [ring of slaying]

   Slay+4:    It affects your accuracy & damage with ranged weapons and melee
   (+4).
   rC+:       It protects you from cold.
   rPois:     It protects you from poison
 N - a ring of protection from fire
Talismans
 c - a beast talisman
 d - a flux talisman
 y - a maw talisman
Wands
 p - a wand of roots (4)
 E - a wand of mindburst (9)
 I - a wand of polymorph (8)
 K - a wand of flame (4)
 L - a wand of acid (9)
Scrolls
 f - a scroll of vulnerability {unknown}
 g - a scroll of torment {unknown}
 h - a scroll of fog
 i - 7 scrolls of identify
 l - 4 scrolls of enchant weapon
 m - a scroll of silence
 r - 3 scrolls of noise {unknown}
 x - 3 scrolls of teleportation {unknown}
 z - a scroll of amnesia {unknown}
 B - 2 scrolls of acquirement {unknown}
 C - a scroll of enchant armour {unknown}
 F - a scroll of poison {unknown}
 H - a scroll of immolation {unknown}
Potions
 b - a potion of brilliance {unknown}
 e - a potion of resistance {unknown}
 k - a potion of magic {unknown}
 q - a potion of degeneration {unknown}
 s - 3 potions of attraction
 t - a potion of haste {unknown}
 u - a potion of might {unknown}
 v - a potion of enlightenment {unknown}
 A - a potion of cancellation {unknown}
 D - a potion of mutation {unknown}


   Skills:
 + Level 3.6 Fighting
 + Level 5.6 Dodging
 + Level 2.4 Stealth
 + Level 2.4 Shields
 + Level 12.1 Unarmed Combat
 * Level 8.4 Shapeshifting


You had 10 spell levels left.
You didn't know any spells.
Your spell library contained the following spells:

 Spells                   Type           Power      Damage    Failure   Level
 Foxfire                  Conj/Fire      0%         2x1d4     45%         1
 Freeze                   Ice            0%         1d3       45%         1
 Sandblast                Erth           0%         2d4       45%         1
 Shock                    Conj/Air       0%         1d3       45%         1
 Slow                     Hex            0%         N/A       45%         1
 Summon Small Mammal      Summ           0%         N/A       45%         1
 Ensorcelled Hibernation  Hex/Ice        0%         N/A       58%         2
 Confusing Touch          Hex            0%         N/A       83%         3
 Frozen Ramparts          Ice            0%         1d1       83%         3
 Fugue of the Fallen      Necr           0%         N/A       83%         3
 Hailstorm                Conj/Ice       0%         3d5       83%         3
 Passwall                 Erth           0%         N/A       83%         3
 Sigil of Binding         Hex            0%         N/A       83%         3
 Stone Arrow              Conj/Erth      0%         3d7       83%         3
 Vampiric Draining        Necr           0%         2d6       83%         3
 Anguish                  Hex/Necr       0%         N/A       99%         4
 Brom's Barrelling Bould  Conj/Erth      0%         2d3       99%         4
 Plasma Beam              Fire/Air       0%         2x1d10    100%        6
 Starburst                Conj/Fire      0%         6d3       100%        6


Dungeon Overview and Level Annotations

Branches:
Dungeon (10/15)            Temple (0/1) D:7           Sewer (visited)
   Lair: D:8-11         Orc: D:9-12

Altars:
Ashenzari
Fedhas
Gozag
Hepliaklqana
Kikubaaqudgha
Makhleb
Sif Muna
Trog
Uskayaw
Vehumet
Zin

Shops:
D:7 [   D:10 =

Annotations:
D:4 3 runed translucent doors, ShellytheWitch's ghost, novice KoBr; Taul's ghost, amateur MiFi; innerfire43's ghost, amateur DsMo


Innate Abilities, Weirdness & Mutations

You are a hulking beast.
Your limbs bulge with bestial killing power. (Slay +4)
You are too large for most types of armour.
You have claws for hands.
Your natural rate of healing is unusually fast.
You are covered in fur. (AC +1)
You have tough skin. (AC +1)


Message History

The vampire mosquito closely misses you. x2
The vampire mosquito bites you!
* * * LOW HITPOINT WARNING * * *
The vampire mosquito draws strength from your injuries!
The vampire mosquito bites you but does no damage.
The orc priest barely misses you. You block something's attack.
As you read the scroll labelled OBARURO QUDER, it dissolves into smoke.
It was a scroll of fog.
The vampire mosquito closely misses you.
The vampire mosquito barely misses you. x2
The vampire mosquito closely misses you.
The orc priest mumbles some strange prayers to Beogh against you.
Pain shoots through your body!
* * * LOW HITPOINT WARNING * * *
You hear a shout!
You feel better.
You block the vampire mosquito's attack.
The vampire mosquito closely misses you.
The vampire mosquito bites you!
* * * LOW HITPOINT WARNING * * *
The vampire mosquito draws strength from your injuries!
The vampire mosquito closely misses you.
The orc priest barely misses you.
You mangle the orc priest!!
You kill the orc priest!
The vampire mosquito barely misses you.
The vampire mosquito bites you but does no damage.
Unknown command.
Okay, then.
As you read the scroll labelled DOFOEWK LELO, it crumbles to dust.
A profound silence engulfs you.
It was a scroll of silence.
The vampire mosquito misses you. The vampire mosquito bites you.
* * * LOW HITPOINT WARNING * * *
The vampire mosquito draws strength from your injuries!
The vampire mosquito bites you.
* * * LOW HITPOINT WARNING * * *
The vampire mosquito draws strength from your injuries!
The vampire mosquito bites you.
You die...
Your body crumbles into a pile of gold.

..##.#..≈≈≈...##...##...≈≈≈§.#...
..##.##.....###.....###.....##.#.
......#######.........#######..#.
..##.............#...............
..#####.........#######.....#...#
...............$# #.....#####
..............§§# #.....#
.......#......§§#######.....#
.....#####....§§h{§...........
...### ###..§§yy§............
.### ###§§§§§............ ##
###........ ###...... ##.... ##..
..


You could see 2 vampire mosquitoes.

Vanquished Creatures
  A centaur warrior (D:10)
  An ogre mage (D:10)
  A cyclops (D:10)
  A yaktaur (D:10)
  A troll (D:10)
  A hornet (D:9)
  Sigmund (D:2)
  A wyvern (D:10)
  5 yaks (D:8)
  A steam dragon (D:8)
  4 water moccasins
  An acid dragon (D:10)
  Duvessa (D:6)
  4 orc warriors
  An ice beast (D:6)
  3 black bears
  2 sky beasts
  3 centaurs
  An ogre (D:4)
  2 phantoms (D:6)
  2 kobold brigands
  Blork the orc (D:6)
  4 bullfrogs
  A scorpion (D:6)
  7 wights
  A burial acolyte (D:5)
  Dowan (D:6)
  6 killer bees (D:9)
  6 howler monkeys
  4 crimson imps (D:10)
  A jelly (D:7)
  2 bombardier beetles
  4 hounds
  2 gnoll boudas (D:7)
  7 orc priests
  2 sleepcaps (D:7)
  Terence (D:2)
  3 iguanas
  11 orc wizards
  2 hound zombies (D:5)
  13 adders
  8 gnolls
  6 river rats
  2 shadow imps (D:5)
  7 white imps
  4 ufetubi
  An adder zombie (D:5)
  3 ribbon worms
  49 orcs
  15 ball pythons
  2 bats
  3 endoplasms
  5 giant cockroaches
  A gnoll zombie (D:5)
  6 goblins
  10 hobgoblins
  4 jackals (D:4)
  2 quokkas
  5 frilled lizards
  16 kobolds
  3 kobold zombies (D:5)
  22 rats
291 creatures vanquished.

Notes
Turn   | Place    | Note
-------+----------+-------------------------------------------
     0 | D:1      | Atlas the Troll Shapeshifter began the quest for the Orb.
     0 | D:1      | Reached XP level 1. HP: 18/18 MP: 0/0
   170 | D:1      | Reached XP level 2. HP: 26/26 MP: 1/1
   565 | D:1      | Reached skill level 1 in Fighting
  1042 | D:2      | Reached XP level 3. HP: 30/33 MP: 2/2
  1069 | D:2      | Found a faded altar of an unknown god.
  1092 | D:2      | Noticed Terence
  1099 | D:2      | Killed Terence
  1124 | D:2      | Found an opulent altar of Gozag.
  1136 | D:2      | Became a worshipper of Gozag Ym Sagoz the Greedy
  1220 | D:2      | Noticed Sigmund
  1229 | D:2      | Killed Sigmund
  1230 | D:2      | Reached skill level 4 in Unarmed Combat
  1230 | D:2      | Reached XP level 4. HP: 39/41 MP: 3/3
  1230 | D:2      | Reached XP level 5. HP: 45/48 MP: 4/4
  1681 | D:3      | Reached XP level 6. HP: 43/55 MP: 5/5
  2382 | D:4      | Found a radiant altar of Vehumet.
  2459 | D:4      | Reached skill level 5 in Unarmed Combat
  2459 | D:4      | Reached skill level 5 in Shapeshifting
  2463 | D:4      | Found a hazy altar of Hepliaklqana.
  2645 | D:4      | Found a glowing drain.
  2651 | Sewer    | Entered a sewer
  2739 | Sewer    | Reached XP level 7. HP: 62/62 MP: 6/6
  2914 | Sewer    | Reached skill level 6 in Unarmed Combat
  3158 | D:4      | Found a runed translucent gate.
  3161 | D:4      | Found a runed translucent gate.
  3162 | D:4      | Found a runed translucent gate.
  3162 | D:4      | Noticed Taul's ghost (amateur MiFi)
  3162 | D:4      | Noticed innerfire43's ghost (amateur DsMo)
  3162 | D:4      | Noticed ShellytheWitch's ghost (novice KoBr)
  3277 | D:5      | Entered Level 5 of the Dungeon
  3550 | D:5      | Found an ancient bone altar of Kikubaaqudgha.
  3870 | D:6      | Reached XP level 8. HP: 71/72 MP: 7/7
  3966 | D:6      | Reached skill level 7 in Unarmed Combat
  4028 | D:6      | Noticed Blork the orc
  4038 | D:6      | Killed Blork the orc
  4039 | D:6      | Reached skill level 1 in Stealth
  4275 | D:6      | Noticed Dowan
  4283 | D:6      | Killed Dowan
  4284 | D:6      | Reached skill level 8 in Unarmed Combat
  4288 | D:6      | Found a shimmering blue altar of Sif Muna.
  4292 | D:6      | Noticed Duvessa
  4300 | D:6      | Killed Duvessa
  4318 | D:6      | Got Sif Muna's Compendium of the Combined Nimbus
  4323 | D:6      | Found a bloodstained altar of Trog.
  4511 | D:6      | Reached XP level 9. HP: 55/80 MP: 8/8
  4702 | D:7      | Identified the +2 mace of the Endless March {freeze, *Slow
                  | Str+2 Dex+3 Stlth+}
  5230 | D:7      | Found a hide-covered altar of Uskayaw.
  5251 | D:7      | Reached skill level 9 in Unarmed Combat
  5318 | D:7      | Identified the ring of the Republic {rPois rC+ Slay+4}
  5713 | D:7      | Found a staircase to the Ecumenical Temple.
  6114 | D:8      | Found a broken altar of Ashenzari.
  6128 | D:8      | Reached skill level 10 in Unarmed Combat
  6133 | D:8      | Reached skill level 1 in Shields
  6278 | D:8      | Reached XP level 10. HP: 82/91 MP: 9/9
  6992 | D:9      | Reached skill level 5 in Dodging
  7134 | D:9      | Reached skill level 11 in Unarmed Combat
  7257 | D:9      | Found a glowing silver altar of Zin.
  7402 | D:9      | Found a blossoming altar of Fedhas.
  7530 | D:10     | Entered Level 10 of the Dungeon
  7530 | D:10     | Found a burning altar of Makhleb.
  7720 | D:10     | Noticed a cyclops
  7727 | D:10     | Killed a cyclops
  7749 | D:10     | Noticed an ogre mage
  7762 | D:10     | Killed an ogre mage
  8237 | D:10     | Reached XP level 11. HP: 95/97 MP: 10/10
  8309 | D:10     | Noticed a centaur warrior
  8319 | D:10     | Killed a centaur warrior
  8320 | D:10     | Reached skill level 12 in Unarmed Combat
  8332 | D:10     | HP: 2/97 [vampire mosquito (3)]
  8332 | D:10     | Slain by a vampire mosquito

Illustrated notes

Levels and vault maps discovered:
D:1:      amcnicky_arrival_flooded_fountain, layout_loops_corners
D:2:      minmay_spotlight, layout_loops_ring, ebering_ecumenical_altar_rust,
          basic_altar, uniq_terence, uniq_sigmund
D:3:      layout_loops_ring
D:4:      layout_rooms, lemuel_crystal_altar, old_standard_altar,
          lightli_sewer_entry_pipes, gammafunk_ghost_cemetery
D:5:      layout_rooms, regret_index_kikubaaqudgha_part_by_part,
          hangedman_decor_riveting
D:6:      layout_gridville, nzn_overflow_gifts_of_might_and_magic,
          uniq_blork_the_orc
D:7:      layout_layer_cave, mainiacjoe_overflow_paths, temple_hall,
          hellmonk_no_cap
D:8:      layout_rooms, mainiacjoe_overflow_cross_hatched
D:9:      nicolae_cairo_tiling_large_dashed, layout_loops_ring,
          fedhas_bush_and_centaur_altar, lemuel_coloured_pillars_altar
D:10:     minmay_diamond_stairs, layout_irregular_city, bloody_makhleb,
          david_lair_shrubbed, hiddenorc1_lemuel, minmay_fire_ice_demons

Skill      XL: |  1  2  3  4  5  6  7  8  9 10 11 |
---------------+----------------------------------+-----
Fighting       | 1 2 3 |  3.6
Shapeshifting  | 4 5 6 7 8 |  8.4
Dodging        | 2 3 4 5 |  5.6
Unarmed Combat | 4 5 6 8 10 11 12 | 12.1
Stealth        | 1 2 |  2.4
Shields        | 1 2 |  2.4

Action                     |  1- 3 |  4- 6 |  7- 9 | 10-12 || total
---------------------------+-------+-------+-------+-------++-------
  Melee: Unarmed           |    75 |   138 |   282 |   180 ||   675
         Punch             |     1 |     1 |    12 |     8 ||    22
 Invoke: Call Merchant     |       |       |     1 |     1 ||     2
    Use: Potion            |       |       |     1 |    10 ||    11
         Scroll            |       |       |       |     3 ||     3
   Stab: Sleeping          |     1 |     2 |     5 |     1 ||     9
         Distracted        |       |       |       |     2 ||     2
 Armour: Animal skin       |    38 |    83 |   199 |    81 ||   401
         Robe              |       |       |       |    80 ||    80
         Skin              |       |       |       |     8 ||     8
  Dodge: Dodged            |    31 |    81 |   168 |   103 ||   383
  Block: Other             |       |       |    19 |    43 ||    62
         Reflection        |       |       |       |     2 ||     2

Table legend: (Time is in decaauts)
 A = Elapsed time spent in this place.
 B = Non-inter-level travel time spent in this place.
 C = Inter-level travel time spent in this place.
 D = Time resting spent in this place.
 E = Time spent auto-exploring this place.
 F = Levels seen in this place.
 G = Mean time per level.
                   A        B        C        D        E       F      G
               +--------+--------+--------+--------+--------+-----+--------+
         Total |   8239 |   7818 |    421 |    178 |   6095 |  11 |  749.0 |
       Dungeon |   7915 |   7494 |    421 |    178 |   5892 |  10 |  791.5 |
         Sewer |    324 |    324 |      0 |      0 |    203 |   1 |  324.0 |
               +--------+--------+--------+--------+--------+-----+--------+

Top non-repeatable levels by time:
     D:7: 1265 daAuts
     D:1: 911 daAuts
     D:9: 851 daAuts
     D:6: 822 daAuts
     D:8: 768 daAuts
    D:10: 710 daAuts
     D:3: 687 daAuts
     D:2: 681 daAuts
     D:4: 648 daAuts
     D:5: 569 daAuts
   Sewer: 324 daAuts
